AoeStats
← nonoleboss

Arena

507123776Analyzed
4v4 RM · 16d ago on Sep 16, 2026· 19m 59s· 8 players
Game mode
Random Map
Map size
Large (8 player)
Population
200
Speed
Normal
Resources
Standard
Victory
Conquest
Starting age
Dark Age
Ending age
Imperial Age
RankedLock teamsTeams togetherTeam positionsShared explorationLock speedFull tech treeHidden civsTurbo modeCheats
Victory
Defeat
🇫🇮 Persians · Finland
1315
+15
🇫🇮 Sicilians · Finland
1306
+15
🇩🇪 Teutons · Germany
1289
+16
🇩🇪 Mongols · Germany
1275
+17
🇫🇷 Malians · France
1327
-18
🇦🇷 Jurchens · Argentina
1326
-17
🇨🇴 Aztecs · Colombia
1253
-14
🇺🇸 Slavs · United States
1252
-14
Vespuccio
10:47 Feudal Age
14:54 Castle Age
13:28 Double-Bit Axe
17:50 Stone Mining
18:45 Loom
Yasuo, the Unforgiven
9:31 Feudal Age
9:51 Double-Bit Axe
15:16 Castle Age
13:02 Horse Collar
14:16 Gold Mining
17:11 Loom
20:23 Bloodlines
cro55b0w
10:12 Feudal Age
11:45 Horse Collar
13:54 Loom
16:34 Castle Age
15:42 Gold Mining
15:41 Double-Bit Axe
17:45 Bow Saw
18:14 Gold Shaft Mining
DerAbwurster
2:49 Loom
10:15 Feudal Age
12:07 Loom
15:03 Castle Age
13:33 Double-Bit Axe
13:33 Horse Collar
16:18 Bow Saw
20:42 Wheelbarrow
Pundabar
8:14 Loom
10:42 Feudal Age
12:04 Loom
14:39 Castle Age
12:32 Double-Bit Axe
13:24 Horse Collar
14:43 Stone Mining
14:47 Gold Mining
16:46 Wheelbarrow
nonoleboss
10:40 Feudal Age
12:30 Double-Bit Axe
15:04 Castle Age
13:30 Horse Collar
16:10 Bow Saw
16:03 Heavy Plow
christianperalta141
5:10 Loom
9:52 Feudal Age
14:34 Castle Age
13:13 Stone Mining
14:04 Double-Bit Axe
DGHIR | Miloss
10:29 Feudal Age
14:02 Castle Age
12:04 Double-Bit Axe
12:30 Horse Collar
16:29 Loom
17:21 Wheelbarrow
18:05 Bow Saw
Connection lost

Rejoining the realm…

Still unreachable

The connection could not be restored.

Session expired

The server has moved on; the page needs a fresh start.